 Dungeon Crawl Stone Soup version 0.30-b1-2-g02819fbbbe (webtiles) character file.

Game seed: 10879878200854223449

11348 redmage the Scribe (level 12, 0/81 HPs)
             Began as a Meteoran Ice Elementalist on July 26, 2023.
             Was a Priest of Sif Muna.
             Slain by a polar bear (4 damage)
             ... on level 3 of the Lair of Beasts.
             The game lasted 01:01:27 (2825 turns).

redmage the Scribe (Meteoran Ice Elementalist)      Turns: 2825, Time: 01:01:29

Health: 0/81       AC: 14    Str:  4    XL:     12   Next: 33%
Magic:  13/23      EV: 13    Int: 26    God:    Sif Muna [***...]
Gold:   292        SH:  0    Dex: 15    Spells: 5/25 levels left

rFire   . . .        a - staff of earth
rCold   . . .        (no shield)
rNeg    . . .        n - +1 robe "Laeno" {rElec rCorr Str-5}
rPois   .            E - +2 hat {Int+3}
rElec   +            D - +0 cloak
rCorr   +            (no gloves)
SInv    .            (no boots)
Will    +....        A - amulet of faith
Stlth   +            y - ring of wizardry
HPRegen 0.33/turn    (no ring)
MPRegen 0.18/turn

%: faith, wizardry (x1)
@: ice-armoured, glowing
A: sense surroundings 2, otherworldly, glowing, explore regen
a: Renounce Religion, Channel Magic, Forget Spell


You were on level 3 of the Lair of Beasts.
You worshipped Sif Muna.
Sif Muna was most pleased with you.
You visited 3 branches of the dungeon, and saw 16 of its levels.

You collected 496 gold pieces.
You spent 204 gold pieces at shops.

Inventory:

Hand Weapons
 l - a +3 dire flail
 u - a +2 whip of electrocution
Missiles
 g - 8 atropa-tipped darts (quivered)
 h - 7 curare-tipped darts
 p - 6 boomerangs
Armour
 n - the +1 robe "Laeno" (worn) {rElec rCorr Str-5}
   (You found it on level 8 of the Dungeon)

   Str:       It affects your strength (-5).
   rElec:     It insulates you from electricity.
   rCorr:     It protects you from acid and corrosion.
 v - +0 acid dragon scales
 D - a +0 cloak (worn)
 E - a +2 hat of intelligence (worn)
Magical Staves
 a - a staff of earth (weapon)
 d - a staff of poison
Jewellery
 t - an amulet of regeneration
 y - a ring of wizardry (left hand)
 A - an amulet of faith (around neck)
Wands
 e - a wand of charming (3)
 x - a wand of roots (4)
 B - a wand of mindburst (12)
Scrolls
 f - 5 scrolls of teleportation
 m - a scroll of immolation
 C - 2 scrolls of fog
Potions
 b - a potion of magic
 c - a potion of lignification
 i - 3 potions of might
 j - 2 potions of haste
 k - 3 potions of mutation {unknown}
 r - 2 potions of brilliance {unknown}
 s - a potion of curing
 w - a potion of heal wounds
 z - a potion of berserk rage
 F - a potion of cancellation


   Skills:
 - Level 2.9 Dodging
 - Level 1.7 Stealth
 + Level 7.2 Spellcasting
 - Level 10.2 Conjurations
 - Level 4.9 Summonings
 * Level 7.3 Translocations
 - Level 2.3 Transmutations
 - Level 7.2 Ice Magic
 - Level 10.2 Earth Magic
 + Level 10.6 Invocations


You had 5 spell levels left.
You knew the following spells:

 Your Spells              Type           Power      Damage    Failure   Level
a - Freeze                Ice            100%       1d10      1%          1
b - Frozen Ramparts       Ice            92%        1d14      1%          3
c - Ozocubu's Armour      Ice            46%        N/A       1%          3
d - Summon Ice Beast      Ice/Summ       40%        N/A       1%          4
e - Passwall              Tmut/Erth      49%        N/A       1%          2
f - Stone Arrow           Conj/Erth      100%       3d13      1%          3
g - Passage of Golubria   Tloc           47%        N/A       1%          4

Your spell library contained the following spells:

 Spells                   Type           Power      Damage    Failure   Level
 Sandblast                Erth           100%       2d20      1%          1
 Summon Small Mammal      Summ           100%       N/A       1%          1
 Call Canine Familiar     Summ           34%        N/A       1%          3
 Dazzling Flash           Conj/Hex       72%        N/A       1%          3
 Volatile Blastmotes      Fire/Tloc      56%        2d14      1%          3
 Animate Armour           Summ/Erth      100%       N/A       1%          4
 Iskenderun's Mystic Bla  Conj/Tloc      53%        2d11      1%          4
 Summon Guardian Golem    Hex/Summ       22%        N/A       2%          3
 Tukima's Dance           Hex            9%         N/A       8%          3
 Yara's Violent Unravell  Hex/Tmut       7%         3d5       38%         5
 Starburst                Conj/Fire      18%        6d7       41%         6
 Lehudib's Crystal Spear  Conj/Erth      38%        10d9      91%         8


Dungeon Overview and Level Annotations

Branches:
Dungeon (11/15) Zot: 4219  Temple (1/1) D:6 Zot: 527    Lair (4/5) D:8 Zot: 1986
 Shoals (0/4) Lair:2        Snake (0/4) Lair:3          Orc (0/2) D:9
  Slime: Lair:4-5

Altars:
Cheibriados
Dithmenos
Elyvilon
Fedhas
Gozag
Hepliaklqana
Kikubaaqudgha
Nemelex Xobeh
Okawaru
Qazlal
Ru
Sif Muna
Trog
Wu Jian
Yredelemnul

Shops:
D:11 !


Innate Abilities, Weirdness & Mutations

You passively map the area around you.
You are easily found by Zot.
You glow in the dark.
You regain HP and MP as you explore.


Message History

Confirm with . or Enter, or press ? or * to list all spells.
Okay, then.
The polar bear attacks as you move away!
The polar bear bites you but does no damage.
The polar bear closely misses you.
The polar bear claws you but does no damage.
The naga spits poison at you.
The splash of poison hits your ice beast.
Unknown command.
Casting: Summon Ice Beast (dangerous; 1% risk of failure)
Confirm with . or Enter, or press ? or * to list all spells.
A film of ice covers your body!
The naga shoots an arrow.
The arrow closely misses your ice beast.
The arrow hits the polar bear!!
The polar bear goes berserk!
Your ice beast barely misses the naga.
Unknown command.
Casting: Ozocubu's Armour (safe; 1% risk of failure)
Confirm with . or Enter, or press ? or * to list all spells.
Your icy armour thickens.
The polar bear bites you!
* * * LOW HITPOINT WARNING * * *
The polar bear barely misses you. The polar bear claws you.
* * * LOW HITPOINT WARNING * * *
The naga shoots an arrow.
The arrow hits your ice beast.
Your ice beast barely misses the naga.
Casting: Ozocubu's Armour (safe; 1% risk of failure)
Confirm with . or Enter, or press ? or * to list all spells.
Aiming: Stone Arrow (safe; 1% risk of failure)
Press: ? - help, Shift-Dir - straight line, f - polar bear
Aim: a polar bear (severely wounded, berserk, 84% to hit)
You feel a surge of power!
The stone arrow hits the polar bear.
The polar bear is severely wounded.
The polar bear closely misses you. The polar bear claws you.
* * * LOW HITPOINT WARNING * * *
The polar bear closely misses you.
The naga unwields a +0 shortbow.
The naga wields a +0 long sword.
The naga closely misses your ice beast. The naga grabs your ice beast.
The naga constricts your ice beast. The polar bear bites you!
* * * LOW HITPOINT WARNING * * *
The polar bear claws you.
You die...

. ,*#.# ..## ####.. ..#####.#
##### ###..# ##.#... .P....#.#
.#.###....# #......
........####..$......######.#..#
.#...#..#.##...........^.#^.P...
,....#..................Y.......#
,............>......(..#.......PP
..........NY..h........YY...†...
####.P...#.#.##@..##.#.##.......
* #.##.!###..##############.....
#... ........## ####P##........
..P#.#~..#.~.P #.....<.#..#..#
......~~~~~...# #..#P#†###.##.#
.....~~~~~~~.######.###### #....#
#.P.~~~..P~~~.##.##.## #.....
#..~~~N~.~.~~~.......# #..P..
#..~~.....P.~~.....### #..###


You could see a polar bear (berserk), a naga (catching breath, ally target) and
a friendly ice beast (summoned).

Vanquished Creatures
  Gastronok (Lair:3)
  2 two-headed ogres
  A black mamba (Lair:4)
  A cane toad (Lair:3)
  3 komodo dragons
  A troll (D:11)
  2 blink frogs (Lair:4)
  5 wyverns
  3 shadows (D:10)
  17 yaks
  2 wargs (D:8)
  2 water moccasins
  An acid dragon (D:11)
  A black bear (Lair:3)
  4 orc warriors (D:9)
  2 ogres (D:6)
  A centaur (D:9)
  A kobold brigand (D:8)
  7 bullfrogs
  5 wights
  3 killer bees
  An electric eel (Lair:2)
  3 jellies
  5 orc priests
  A hound (D:6)
  4 iguanas
  5 orc wizards
  7 adders
  A white imp (D:5)
  26 orcs
  3 endoplasms
  A giant cockroach (D:3)
  3 goblins
  3 hobgoblins
  7 kobolds
  3 quokkas
  4 ball pythons
  2 bats
  4 rats
148 creatures vanquished.

Vanquished Creatures (collateral kills)
  A blink frog (Lair:4)
  A basilisk (Lair:2)
  A warg (D:8)
  A water moccasin (Lair:3)
  2 killer bees (D:10)
  A white imp (D:8)
  9 orcs
16 creatures vanquished.

Vanquished Creatures (others)
  2 orc warriors
  A wight (D:9)
  2 killer bees (D:10)
  An orc priest (D:7)
  An orc (D:9)
  5 fungi
  4 plants
16 creatures vanquished.

Grand Total: 180 creatures vanquished

Notes
Turn   | Place    | Note
-------+----------+-------------------------------------------
     0 | D:1      | redmage the Meteoran Ice Elementalist began the quest for
                  | the Orb.
     0 | D:1      | Reached XP level 1. HP: 14/14 MP: 5/5
   107 | D:2      | Reached XP level 2. HP: 20/20 MP: 4/7
   130 | D:2      | Reached XP level 3. HP: 24/26 MP: 3/8
   149 | D:2      | Learned a level 3 spell: Frozen Ramparts
   153 | D:2      | Learned a level 3 spell: Ozocubu's Armour
   257 | D:2      | Reached XP level 4. HP: 33/33 MP: 3/10
   428 | D:3      | Reached skill level 5 in Ice Magic
   470 | D:4      | Noticed a wight
   527 | D:3      | Learned a level 3 spell: Stone Arrow
   557 | D:3      | Found an opulent altar of Gozag.
   589 | D:3      | Reached XP level 5. HP: 38/38 MP: 8/11
   608 | D:4      | Reached skill level 1 in Conjurations
   608 | D:4      | Reached skill level 1 in Earth Magic
   612 | D:4      | Reached XP level 6. HP: 40/45 MP: 2/12
   664 | D:5      | Entered Level 5 of the Dungeon
   700 | D:5      | Found a sparkling altar of Nemelex Xobeh.
   782 | D:5      | Reached XP level 7. HP: 44/50 MP: 0/13
   829 | D:6      | Found a staircase to the Ecumenical Temple.
   833 | D:6      | Learned a level 2 spell: Passwall
   838 | Temple   | Entered the Ecumenical Temple
   897 | Temple   | Became a worshipper of Sif Muna the Loreminder
   928 | D:6      | Noticed a +0 dagger
   928 | D:6      | Noticed a +0 falchion
   928 | D:6      | Noticed a +0 short sword
   928 | D:6      | Noticed a +0 spear
   928 | D:6      | Noticed a +0 dagger
   929 | D:6      | Noticed a +0 short sword
   929 | D:6      | Noticed a +0 spear
   930 | D:6      | Noticed a +0 falchion
   963 | D:6      | Noticed a wyvern
   970 | D:6      | Killed a wyvern
   971 | D:6      | Reached skill level 1 in Transmutations
   971 | D:6      | Reached skill level 1 in Invocations
   986 | D:6      | Reached skill level 5 in Conjurations
   986 | D:6      | Reached skill level 5 in Earth Magic
   986 | D:6      | Reached XP level 8. HP: 45/57 MP: 5/14
  1251 | D:8      | Identified the +1 robe "Laeno" {rElec rCorr Str-5}
  1292 | D:7      | Gained mutation: You passively map the area around you.
                  | [Meteoran growth]
  1292 | D:7      | Reached XP level 9. HP: 62/62 MP: 3/15
  1334 | D:8      | Found a stormy altar of Qazlal.
  1429 | D:10     | Entered Level 10 of the Dungeon
  1530 | D:10     | Reached * piety under Sif Muna
  1599 | D:10     | Reached skill level 5 in Invocations
  1616 | D:10     | Noticed a two-headed ogre
  1629 | D:10     | Noticed a red ugly thing
  1698 | D:11     | Found Nishrobud's Distillery.
  1701 | D:11     | Bought a potion of heal wounds for 60 gold pieces
  1701 | D:11     | Bought a potion of degeneration for 12 gold pieces
  1701 | D:11     | Bought a potion of magic for 96 gold pieces
  1701 | D:11     | Bought a potion of curing for 36 gold pieces
  1716 | D:11     | Noticed a troll
  1726 | D:11     | Killed a troll
  1727 | D:11     | Reached XP level 10. HP: 44/69 MP: 0/16
  1845 | D:9      | Noticed a two-headed ogre
  1858 | D:9      | Killed a two-headed ogre
  1859 | D:9      | Reached skill level 10 in Conjurations
  1859 | D:9      | Reached skill level 10 in Earth Magic
  1982 | D:9      | Learned a level 4 spell: Summon Ice Beast
  2031 | D:9      | Found a staircase to the Orcish Mines.
  2058 | D:9      | Reached skill level 1 in Summonings
  2091 | D:9      | Reached ** piety under Sif Muna
  2136 | D:9      | Reached XP level 11. HP: 26/74 MP: 1/19
  2212 | D:9      | Reached skill level 5 in Spellcasting
  2301 | D:8      | Noticed a two-headed ogre
  2308 | D:8      | Killed a two-headed ogre
  2402 | D:8      | Learned a level 4 spell: Passage of Golubria
  2418 | D:8      | Found a staircase to the Lair.
  2440 | Lair:1   | Entered Level 1 of the Lair of Beasts
  2469 | Lair:2   | Reached skill level 1 in Translocations
  2634 | Lair:3   | Reached *** piety under Sif Muna
  2647 | Lair:3   | Found a staircase to the Snake Pit.
  2664 | Lair:4   | Reached skill level 5 in Translocations
  2668 | Lair:4   | Reached skill level 10 in Invocations
  2712 | Lair:4   | Reached XP level 12. HP: 81/81 MP: 6/22
  2737 | Lair:3   | Noticed Gastronok
  2767 | Lair:3   | Killed Gastronok
  2825 | Lair:3   | HP: 4/81 [polar bear (10)]
  2825 | Lair:3   | Slain by a polar bear

Illustrated notes

Levels and vault maps discovered:
D:1:      lightli_arrival_isolated_outpost, layout_basic,
          basic_ecumenical_altar, minmay_split_cup_large
D:2:      minmay_door_path, layout_basic, dk_noncrumbling_4
D:3:      layout_loops_cross, mainiacjoe_overflow_six_doors_small
D:4:      layout_basic, mainiacjoe_overflow_catwalk, serial_glass,
          glass_columns_a, glass_columns_a, glass_columns_c, glass_columns_a,
          glass_columns_a, glass_columns_a, glass_columns_c, glass_columns_b,
          serial_bayou_pond_b, minmay_ruined_shrine
D:5:      layout_basic, mainiacjoe_overflow_tiny_flanked
D:6:      layout_basic, nicolae_uskayaw_en_pointe, minmay_temple_entry_arrows
D:7:      layout_loops_ring
D:8:      layout_loops_ring, overflow_temple_1_default,
          nicolae_overflow_hidden_temple, erik_lair_orcish_takeover
D:9:      layout_basic, david_orc_5, dreamdust_wishing_well
D:10:     nzn_winding_woodlands_medium [nzn_winding_woodlands_5x5_closed_star,
          nzn_winding_woodlands_5x15_default, nzn_winding_woodlands_5x5_cross,
          nzn_winding_woodlands_5x5_default,
          nzn_winding_woodlands_center_diamonds,
          nzn_winding_woodlands_5x5_perimeter,
          nzn_winding_woodlands_5x5_open_star, nzn_winding_woodlands_5x15_twine,
          nzn_winding_woodlands_5x5_three], layout_irregular_city
D:11:     minmay_slanted_spiral_squares, layout_cave_pools, serial_shops,
          nicolae_shop_real_fake_doors
Temple:   regret_index_temple_sphere_string
Lair:1:   layout_loops_ring, lemuel_fruit_tree
Lair:2:   layout_roguey, elwin_shoals_entry_rooms, grunt_megastairs_4
Lair:3:   layout_loops_ring, guppyfry_snake_entry_island, beast_lair_carwin_9,
          uniq_fannar, uniq_kirke, uniq_gastronok, uniq_snorg
Lair:4:   layout_cave_pods, basic_altar, uniq_rupert

Skill      XL: |  1  2  3  4  5  6  7  8  9 10 11 12 |
---------------+-------------------------------------+-----
Spellcasting   | 3 4 6 7 |  7.2
Ice Magic      | 5 6 7 |  7.2
Conjurations   | 2 3 5 6 8 10 | 10.2
Earth Magic    | 2 3 5 6 8 10 | 10.2
Transmutations | 1 2 |  2.3
Invocations    | 1 3 5 7 10 | 10.6
Summonings     | 2 4 |  4.9
Translocations | 5 7 |  7.3
Dodging        | |  2.9
Stealth        | |  1.7

Action                     |  1- 3 |  4- 6 |  7- 9 | 10-12 || total
---------------------------+-------+-------+-------+-------++-------
  Melee: Unarmed           |       |     5 |       |       ||     5
         Staff             |       |     2 |     9 |     2 ||    13
         Whip              |       |       |       |    61 ||    61
  Throw: Dart              |       |       |     7 |    12 ||    19
         Boomerang         |       |       |     1 |     3 ||     4
   Cast: Freeze            |    20 |    29 |    27 |    10 ||    86
         Frozen Ramparts   |     2 |     8 |    17 |    27 ||    54
         Ozocubu's Armour  |       |     7 |     8 |    23 ||    38
         Stone Arrow       |       |     5 |    30 |    47 ||    82
         Passwall          |       |       |     1 |     1 ||     2
         Summon Ice Beast  |       |       |       |    10 ||    10
         Passage of Golubr |       |       |       |     7 ||     7
  Evoke: Wand              |       |       |     9 |     5 ||    14
    Use: Scroll            |       |     7 |     2 |     5 ||    14
         Potion            |       |       |       |     2 ||     2
 Armour: Robe              |     3 |    14 |    16 |    23 ||    56
  Dodge: Dodged            |     7 |    34 |    24 |    62 ||   127
